[ AOE2 MATCH · #481543469 ]
1v1 RMRomans vs Cumans
Player's team · WIN
Rival team · LOSS
[ REPLAY ANALYSIS · EXTRACTED FROM THE RECORDED GAME ]
Feudal
8:50
Castle
21:39
Imperial
—
| APM avg | 69.4 |
| APM peak | 107 |
| eAPM avg | 24.2 |
| Villagers / military | 77 / 58 |
Focus
⚔️ 28.5% · 🌾 71.5%
Skirmisher ×21 · Knight ×8 · Monk ×8 · Spearman ×7 · Battering Ram ×5 · Militia ×3
Feudal
8:51
Castle
24:22
Imperial
—
| APM avg | 48.9 |
| APM peak | 68 |
| eAPM avg | 22.0 |
| Villagers / military | 67 / 59 |
Focus
⚔️ 41.8% · 🌾 58.2%
Skirmisher ×27 · Knight ×19 · Archer ×9 · Spearman ×3 · Mangonel ×1
Match map
Initial resources + every placement click. Lines = walls · curves = elevation contours. ◆ gold · ⬟ stone · ● berries · ✦ relic · ◌ wall gap
Your base· ✓ Closed at 21:39 · 44t walls · 1 gate(s)
Bugra's base· Open — opponent sealed themselves in
Smoothed initial terrain · ◌ = detected wall gap · hover for details
Inputs per minute
— 海王星 - - Bugra
Build order — 海王星
First 150 of 238 actions detected
| 0:00 | Create | Villager (Male) |
| 0:00 | Create | Villager (Male) |
| 0:01 | Build | House |
| 0:02 | Build | House |
| 0:10 | Create | Villager (Male) |
| 0:10 | Create | Villager (Male) |
| 1:24 | Create | Villager (Male) |
| 1:52 | Build | Lumber Camp |
| 1:54 | Create | Villager (Male) |
| 2:13 | Create | Villager (Male) |
| 2:43 | Create | Villager (Male) |
| 3:19 | Create | Villager (Male) |
| 3:20 | Create | Villager (Male) |
| 3:48 | Build | House |
| 3:53 | Create | Villager (Male) |
| 3:53 | Create | Villager (Male) |
| 4:14 | Create | Villager (Male) |
| 4:29 | Create | Villager (Male) |
| 4:29 | Create | Villager (Male) |
| 4:59 | Create | Villager (Male) |
| 5:07 | Build | Barracks |
| 5:35 | Research | Loom |
| 5:47 | Build | House |
| 6:38 | Research | Feudal Age |
| 6:53 | Create | Militia |
| 6:53 | Create | Militia |
| 6:55 | Build | Mining Camp |
| 7:29 | Build | Mill |
| 7:35 | Create | Militia |
| 7:55 | Build | House |
| 8:36 | Create | Villager (Male) |
| 8:39 | Create | Villager (Male) |
| 8:50 | Age | Feudal Age |
| 8:51 | Research | Man-at-Arms (upgrade) |
| 9:07 | Build | Archery Range |
| 9:07 | Create | Spearman |
| 9:33 | Research | Double-Bit Axe |
| 9:34 | Research | Double-Bit Axe |
| 9:36 | Create | Villager (Male) |
| 9:56 | Create | Archer |
| 10:03 | Create | Villager (Male) |
| 10:05 | Build | Farm |
| 10:12 | Build | House |
| 10:18 | Create | Skirmisher |
| 10:24 | Create | Villager (Male) |
| 10:45 | Create | Skirmisher |
| 10:47 | Create | Villager (Male) |
| 11:12 | Build | Blacksmith |
| 11:21 | Create | Skirmisher |
| 11:25 | Create | Villager (Male) |
| 11:43 | Build | Farm |
| 11:47 | Create | Villager (Male) |
| 11:48 | Build | House |
| 11:57 | Research | Fletching |
| 12:00 | Build | Farm |
| 12:01 | Create | Skirmisher |
| 12:15 | Create | Villager (Male) |
| 12:17 | Build | Farm |
| 12:19 | Build | Farm |
| 12:24 | Build | House |
| 12:40 | Create | Skirmisher |
| 12:55 | Create | Skirmisher |
| 13:00 | Create | Villager (Male) |
| 13:09 | Create | Skirmisher |
| 13:22 | Create | Villager (Male) |
| 13:24 | Build | Farm |
| 13:25 | Build | Farm |
| 13:34 | Create | Skirmisher |
| 13:46 | Create | Villager (Male) |
| 13:48 | Create | Skirmisher |
| 14:05 | Create | Villager (Male) |
| 14:14 | Build | Farm |
| 14:15 | Build | Farm |
| 14:25 | Build | Farm |
| 14:36 | Build | Lumber Camp |
| 14:40 | Research | Padded Archer Armor |
| 14:41 | Create | Villager (Male) |
| 14:52 | Build | Farm |
| 15:01 | Create | Villager (Male) |
| 15:03 | Build | House |
| 15:14 | Create | Skirmisher |
| 15:29 | Create | Villager (Male) |
| 15:33 | Build | House |
| 15:41 | Build | Farm |
| 15:44 | Create | Villager (Male) |
| 15:49 | Create | Skirmisher |
| 15:55 | Build | Palisade Wall |
| 16:20 | Create | Skirmisher |
| 16:26 | Build | Farm |
| 16:29 | Create | Villager (Male) |
| 16:29 | Create | Villager (Male) |
| 16:38 | Create | Villager (Male) |
| 16:40 | Build | Farm |
| 16:43 | Create | Skirmisher |
| 16:46 | Create | Villager (Male) |
| 16:59 | Build | House |
| 17:00 | Build | Palisade Wall |
| 17:28 | Build | Farm |
| 17:29 | Build | Farm |
| 18:00 | Build | House |
| 18:01 | Build | Palisade Wall |
| 18:09 | Build | Palisade Wall |
| 18:10 | Build | Palisade Wall |
| 18:12 | Create | Villager (Male) |
| 18:15 | Build | Market |
| 18:20 | Build | Farm |
| 18:48 | Build | Farm |
| 18:49 | Build | Farm |
| 18:52 | Build | House |
| 18:59 | Research | Castle Age |
| 18:59 | Research | Castle Age |
| 19:07 | Build | House |
| 19:09 | Build | Palisade Wall |
| 19:11 | Create | Skirmisher |
| 19:11 | Create | Skirmisher |
| 19:17 | Build | House |
| 19:18 | Build | House |
| 19:33 | Create | Villager (Male) |
| 19:35 | Build | Palisade Wall |
| 19:39 | Build | House |
| 19:44 | Create | Skirmisher |
| 19:52 | Build | Stable |
| 19:58 | Create | Skirmisher |
| 20:39 | Build | Farm |
| 20:41 | Build | Farm |
| 20:42 | Create | Scout Cavalry |
| 20:42 | Create | Scout Cavalry |
| 20:46 | Research | Bloodlines |
| 20:48 | Create | Skirmisher |
| 20:49 | Create | Skirmisher |
| 20:59 | Build | Farm |
| 21:09 | Research | Horse Collar |
| 21:10 | Research | Horse Collar |
| 21:23 | Build | House |
| 21:34 | Build | Palisade Gate |
| 21:39 | Age | Castle Age |
| 21:41 | Create | Knight |
| 21:42 | Research | Bodkin Arrow |
| 21:42 | Research | Bodkin Arrow |
| 21:47 | Create | Villager (Male) |
| 22:00 | Create | Knight |
| 22:12 | Research | Elite Skirmisher (upgrade) |
| 22:21 | Build | Archery Range |
| 22:23 | Build | Farm |
| 22:25 | Create | Villager (Male) |
| 22:33 | Research | Scale Barding Armor |
| 22:45 | Build | Town Center |
| 22:53 | Create | Villager (Male) |
| 22:56 | Create | Knight |
| 23:03 | Build | Farm |
Build order — Bugra
First 150 of 214 actions detected
| 0:01 | Create | Villager (Male) |
| 0:01 | Create | Villager (Male) |
| 0:02 | Build | House |
| 0:04 | Build | House |
| 0:20 | Create | Villager (Male) |
| 0:24 | Create | Villager (Male) |
| 0:25 | Create | Villager (Male) |
| 1:30 | Create | Villager (Male) |
| 1:30 | Create | Villager (Male) |
| 1:47 | Build | Lumber Camp |
| 2:02 | Create | Villager (Male) |
| 2:15 | Create | Villager (Male) |
| 2:40 | Create | Villager (Male) |
| 3:15 | Create | Villager (Male) |
| 3:15 | Create | Villager (Male) |
| 3:33 | Build | House |
| 3:57 | Create | Villager (Male) |
| 3:57 | Create | Villager (Male) |
| 4:30 | Create | Villager (Male) |
| 5:06 | Create | Villager (Male) |
| 5:33 | Build | Mill |
| 5:36 | Create | Villager (Male) |
| 5:55 | Research | Loom |
| 6:30 | Research | Feudal Age |
| 7:32 | Build | Barracks |
| 7:39 | Build | House |
| 8:23 | Build | Palisade Wall |
| 8:24 | Build | Palisade Wall |
| 8:25 | Build | Palisade Wall |
| 8:34 | Build | Mining Camp |
| 8:47 | Build | Palisade Wall |
| 8:50 | Build | Palisade Wall |
| 8:51 | Age | Feudal Age |
| 8:55 | Build | Archery Range |
| 9:01 | Create | Villager (Male) |
| 9:05 | Build | Palisade Wall |
| 9:06 | Build | Palisade Wall |
| 9:10 | Build | Palisade Wall |
| 9:15 | Create | Villager (Male) |
| 9:28 | Build | Archery Range |
| 9:35 | Create | Villager (Male) |
| 9:49 | Create | Archer |
| 9:49 | Create | Archer |
| 9:53 | Research | Double-Bit Axe |
| 9:53 | Create | Villager (Male) |
| 10:03 | Create | Spearman |
| 10:08 | Create | Villager (Male) |
| 10:27 | Build | House |
| 10:28 | Build | House |
| 10:39 | Create | Archer |
| 10:52 | Create | Villager (Male) |
| 10:54 | Build | House |
| 10:55 | Build | Palisade Wall |
| 11:02 | Create | Villager (Male) |
| 11:06 | Build | House |
| 11:08 | Build | House |
| 11:18 | Create | Archer |
| 11:20 | Create | Skirmisher |
| 11:37 | Create | Archer |
| 11:49 | Create | Villager (Male) |
| 11:51 | Create | Skirmisher |
| 12:02 | Build | House |
| 12:03 | Build | House |
| 12:05 | Build | Palisade Wall |
| 12:20 | Create | Skirmisher |
| 12:21 | Create | Villager (Male) |
| 12:31 | Create | Skirmisher |
| 12:32 | Create | Villager (Male) |
| 12:37 | Build | Farm |
| 13:09 | Create | Skirmisher |
| 13:09 | Create | Skirmisher |
| 13:13 | Create | Villager (Male) |
| 13:22 | Build | Farm |
| 13:40 | Create | Villager (Male) |
| 13:42 | Build | Blacksmith |
| 13:46 | Create | Archer |
| 13:46 | Create | Archer |
| 13:49 | Build | Farm |
| 14:03 | Create | Archer |
| 14:04 | Create | Archer |
| 14:23 | Create | Villager (Male) |
| 14:27 | Build | Farm |
| 14:28 | Build | Farm |
| 14:31 | Build | House |
| 14:34 | Create | Villager (Male) |
| 14:44 | Build | Farm |
| 14:44 | Build | Farm |
| 15:01 | Research | Fletching |
| 15:01 | Research | Fletching |
| 15:18 | Build | Farm |
| 15:22 | Build | Farm |
| 15:22 | Create | Villager (Male) |
| 15:33 | Build | Palisade Wall |
| 15:33 | Create | Villager (Male) |
| 15:37 | Build | Farm |
| 15:38 | Build | Farm |
| 15:47 | Create | Skirmisher |
| 15:47 | Create | Skirmisher |
| 15:47 | Create | Skirmisher |
| 15:53 | Build | House |
| 15:54 | Build | House |
| 15:55 | Build | Palisade Wall |
| 16:05 | Create | Villager (Male) |
| 16:22 | Create | Skirmisher |
| 16:25 | Create | Villager (Male) |
| 16:27 | Create | Skirmisher |
| 16:27 | Create | Skirmisher |
| 16:41 | Create | Skirmisher |
| 16:43 | Create | Villager (Male) |
| 16:45 | Build | Farm |
| 16:48 | Build | Farm |
| 16:56 | Create | Skirmisher |
| 16:57 | Create | Skirmisher |
| 17:22 | Create | Skirmisher |
| 17:22 | Create | Skirmisher |
| 17:24 | Create | Villager (Male) |
| 17:33 | Create | Villager (Male) |
| 17:58 | Create | Villager (Male) |
| 18:00 | Research | Padded Archer Armor |
| 18:00 | Research | Padded Archer Armor |
| 18:02 | Create | Skirmisher |
| 18:03 | Create | Skirmisher |
| 18:08 | Build | Farm |
| 18:16 | Build | House |
| 18:18 | Build | Palisade Wall |
| 18:23 | Build | Farm |
| 18:29 | Create | Villager (Male) |
| 18:52 | Create | Villager (Male) |
| 18:53 | Create | Skirmisher |
| 18:53 | Create | Skirmisher |
| 18:54 | Create | Villager (Male) |
| 19:06 | Create | Skirmisher |
| 19:06 | Create | Skirmisher |
| 19:07 | Create | Villager (Male) |
| 19:11 | Build | Farm |
| 19:34 | Build | Farm |
| 20:04 | Build | Farm |
| 20:04 | Build | Farm |
| 20:16 | Create | Skirmisher |
| 20:17 | Create | Skirmisher |
| 20:37 | Create | Villager (Male) |
| 20:40 | Create | Skirmisher |
| 20:40 | Create | Skirmisher |
| 21:42 | Research | Castle Age |
| 21:43 | Research | Castle Age |
| 21:48 | Build | Stable |
| 22:05 | Build | Town Center |
| 22:19 | Create | Spearman |
| 22:20 | Create | Spearman |
| 22:38 | Build | House |
Match timeline
| 5:07 | 海王星 · first_building Barracks |
| 7:32 | Bugra · first_building Barracks |
| 8:23 | Bugra · wall_segment Palisade Wall x1 |
| 8:24 | Bugra · wall_segment Palisade Wall x1 |
| 8:25 | Bugra · wall_segment Palisade Wall x1 |
| 8:47 | Bugra · wall_segment Palisade Wall x1 |
| 8:50 | Bugra · wall_segment Palisade Wall x3 |
| 8:50 | 海王星 · age_up feudal |
| 8:51 | Bugra · age_up feudal |
| 8:55 | Bugra · first_building Archery Range |
| 9:05 | Bugra · wall_segment Palisade Wall x1 |
| 9:06 | Bugra · wall_segment Palisade Wall x1 |
| 9:07 | 海王星 · first_building Archery Range |
| 9:10 | Bugra · wall_segment Palisade Wall x1 |
| 10:55 | Bugra · wall_segment Palisade Wall x4 |
| 12:05 | Bugra · wall_segment Palisade Wall x1 |
| 15:33 | Bugra · wall_segment Palisade Wall x4 |
| 15:55 | 海王星 · wall_segment Palisade Wall x15 |
| 15:55 | Bugra · wall_segment Palisade Wall x1 |
| 17:00 | 海王星 · wall_segment Palisade Wall x10 |
| 18:01 | 海王星 · wall_segment Palisade Wall x6 |
| 18:09 | 海王星 · wall_segment Palisade Wall x1 |
| 18:10 | 海王星 · wall_segment Palisade Wall x1 |
| 18:18 | Bugra · wall_segment Palisade Wall x1 |
| 19:09 | 海王星 · wall_segment Palisade Wall x1 |
| 19:35 | 海王星 · wall_segment Palisade Wall x11 |
| 19:52 | 海王星 · first_building Stable |
| 21:39 | 海王星 · age_up castle |
| 21:48 | Bugra · first_building Stable |
| 22:41 | 海王星 · first_market_buy 100 wood |
| 23:45 | 海王星 · first_building Siege Workshop |
| 24:22 | Bugra · age_up castle |
| 25:27 | 海王星 · first_building Monastery |
| 26:23 | 海王星 · first_market_sell 100 food |
| 29:04 | Bugra · first_building Siege Workshop |
| 29:47 | Bugra · first_building Monastery |
| 31:51 | Bugra · resign |
[ AI ANALYSIS · 1 CREDIT ]
What really happened in this match?
Wolo.gg analyzes every decision: build order, eco, micro, common mistakes by bracket. Personalized analysis on WhatsApp or Discord in 30 seconds.
Civ guide
Romans
Map guide
Arabia
Perfil
Jugador #25218568